 Dungeon Crawl Stone Soup version 0.31-a0-614-gc85dc1c (webtiles) character file.

Game seed: 4288077806626295871

1762711 foff the Conqueror (level 26, 305/314 HPs)
             Began as an Ogre Gladiator on Aug 22, 2023.
             Was a High Priest of Okawaru.
             Escaped with the Orb
             ... and 3 runes!
             The game lasted 01:26:48 (59848 turns).

foff the Conqueror (Ogre Gladiator)                Turns: 59848, Time: 01:26:49

Health: 305/314    AC: 36    Str: 41    XL:     26   Next: 70%
Magic:  33/33      EV: 10    Int: 18    God:    Okawaru [*****.]
Gold:   6084       SH: 16    Dex: 14    Spells: 25/25 levels left

rFire   + + .        b - +9 eveningstar "Gughuyva" {speed, rPois rN+ Int+3}
rCold   + + .        o - +2 kite shield {rF+}
rNeg    + + .        X - +12 gold dragon scales
rPois   +            m - -2 hat of the Alchemist {rElec rPois rF+ rC+ rN+ Will+ rMut rCorr}
rElec   +            M - +2 cloak
rCorr   +            (gloves unavailable)
SInv    +            (boots unavailable)
Will    +++..        K - amulet of regeneration Stlth
                     D - ring "Wufanu" {+Blink rF- Str+8 Int+6 SInv}
HPRegen 1.52/turn    E - ring "Deiwegiw" {rElec rPois rCorr Dex+4 SInv}
MPRegen 0.23/turn

%: resist mutation
@: studying Hexes
A: large, unfitting armour, tough skin 1
0: Orb of Zot
}: 3/15 runes: decaying, serpentine, silver
a: Renounce Religion, Evoke Blink, Heroism, Finesse, Duel


You escaped.
You worshipped Okawaru.
Okawaru was extremely pleased with you.
You visited 10 branches of the dungeon, and saw 48 of its levels.
You also visited: Gauntlet and Wizlab.

You collected 9631 gold pieces.
You spent 3547 gold pieces at shops.

Inventory:

Hand Weapons
 a - a +9 spectral giant spiked club
 b - the +9 eveningstar "Gughuyva" (weapon) {speed, rPois rN+ Int+3}
   (You took it off a tengu reaver in the Arena)

   Int+3:     It affects your intelligence (+3).
   rPois:     It protects you from poison rN+: It protects you from negative
   energy.
 p - the +7 mace of Variability {chaos, chaos arc}
   (Okawaru gifted it to you in a Gauntlet)
Missiles
 d - a throwing net
 e - 14 curare-tipped darts
 g - 119 large rocks (quivered)
 n - 43 boomerangs
 I - 31 javelins
 U - 35 silver javelins
Armour
 m - the -2 hat of the Alchemist (worn) {rElec rPois rF+ rC+ rN+ Will+ rMut rCorr}
   (You found it on level 2 of the Dungeon)

   rF+:       It protects you from fire.
   rC+:       It protects you from cold.
   rElec:     It insulates you from electricity.
   rPois:     It protects you from poison rN+: It protects you from negative
   energy.
   Will+:     It increases your willpower.
   rCorr:     It protects you from acid and corrosion.
   rMut:      It protects you from mutation.
 o - a +2 kite shield of fire resistance (worn)
 M - a +2 cloak (worn)
 X - +12 gold dragon scales (worn)
Jewellery
 c - a ring of positive energy
 l - a ring of protection from cold
 q - a +4 ring of protection
 r - a ring of flight
 y - the ring "Qiddohouci" {rPois rF+}
   (You took it off a deep elf sorcerer on level 3 of the Elven Halls)

   [ring of protection from fire]

   rF+:       It protects you from fire.
   rPois:     It protects you from poison
 D - the ring "Wufanu" (left hand) {+Blink rF- Str+8 Int+6 SInv}
   (You took it off a necromancer on level 15 of the Dungeon)

   [ring of intelligence]

   Str+8:     It affects your strength (+8).
   Int+6:     It affects your intelligence (+6).
   rF-:       It makes you vulnerable to fire.
   SInv:      It lets you see invisible.
   +Blink:    It lets you blink.
 E - the ring "Deiwegiw" (right hand) {rElec rPois rCorr Dex+4 SInv}
   (You found it on level 15 of the Dungeon)

   [ring of see invisible]

   Dex+4:     It affects your dexterity (+4).
   rElec:     It insulates you from electricity.
   rPois:     It protects you from poison SInv: It lets you see invisible.
   rCorr:     It protects you from acid and corrosion.
 K - an amulet of regeneration (around neck)
 L - the ring "Dietuach" {Fly Str+3 SInv}
   (You took it off an ironbound convoker on level 5 of the Vaults)

   [ring of flight]

   Str+3:     It affects your strength (+3).
   SInv:      It lets you see invisible.
   Fly:       It grants you flight.
Wands
 j - a wand of roots (64)
 k - a wand of quicksilver (17)
 N - a wand of digging (4)
 Y - a wand of paralysis (40)
Scrolls
 s - 10 scrolls of fog
 u - a scroll of revelation
 w - 12 scrolls of teleportation
 B - 3 scrolls of silence
 H - 9 scrolls of vulnerability
 O - 5 scrolls of poison
 P - 2 scrolls of blinking
 Q - 3 scrolls of enchant weapon
 R - 3 scrolls of fear
 Z - 6 scrolls of immolation
Potions
 f - 2 potions of haste
 h - 22 potions of curing
 i - 6 potions of magic
 t - 3 potions of resistance
 v - 4 potions of berserk rage
 z - 9 potions of enlightenment
 A - 2 potions of invisibility
 C - a potion of ambrosia
 F - 5 potions of attraction
 G - 2 potions of cancellation
 J - 5 potions of might
 S - 4 potions of mutation
 T - 5 potions of heal wounds
Miscellaneous
 x - a lightning rod (4/4)
 V - a phial of floods
 W - a tin of tremorstones (2/2)


   Skills:
 O Level 27 Fighting
 - Level 22.0 Maces & Flails
 - Level 20.6 Throwing
 - Level 17.4 Armour
 - Level 11.4 Dodging
 + Level 17.7 Shields
 - Level 14.0 Invocations
 - Level 9.0 Evocations


You had 25 spell levels left.
You didn't know any spells.
Your spell library contained the following spells:

 Spells                   Type           Power      Damage    Failure   Level
 Foxfire                  Conj/Fire      0%         2x1d4     87%         1
 Magic Dart               Conj           0%         1d3       87%         1
 Shock                    Conj/Air       0%         1d3       87%         1
 Slow                     Hex            0%         N/A       87%         1
 Sting                    Tmut/Pois      0%         1d3       87%         1
 Cigotuvi's Dreadful Rot  Necr/Pois/Air  0%         N/A       95%         2
 Ensorcelled Hibernation  Hex/Ice        0%         N/A       95%         2
 Lesser Beckoning         Tloc           0%         N/A       95%         2
 Passwall                 Tmut/Erth      0%         N/A       95%         2
 Poisonous Vapours        Pois/Air       0%         N/A       95%         2
 Sublimation of Blood     Necr           0%         N/A       95%         2
 Wereblood                Tmut           0%         N/A       95%         2
 Confusing Touch          Hex            0%         N/A       99%         3
 Gell's Gravitas          Tloc           0%         N/A       99%         3
 Hailstorm                Conj/Ice       0%         3d3       99%         3
 Ignite Poison            Fire/Tmut/Pois 0%         N/A       99%         3
 Inner Flame              Hex/Fire       0%         N/A       99%         3
 Mephitic Cloud           Conj/Pois/Air  0%         N/A       99%         3
 Ozocubu's Armour         Ice            0%         N/A       99%         3
 Portal Projectile        Hex/Tloc       0%         N/A       99%         3
 Swiftness                Air            0%         N/A       99%         3
 Teleport Other           Tloc           0%         N/A       99%         3
 Vampiric Draining        Necr           0%         2d6       99%         3
 Vhi's Electric Charge    Tloc/Air       0%         N/A       99%         3
 Volatile Blastmotes      Fire/Tloc      0%         2d10      99%         3
 Airstrike                Air            0%         2d(0-16)  100%        4
 Anguish                  Hex/Necr       0%         N/A       100%        4
 Cause Fear               Hex            0%         N/A       100%        4
 Fulminant Prism          Conj/Hex       0%         3d5       100%        4
 Iskenderun's Mystic Bla  Conj/Tloc      0%         2d3       100%        4
 Leda's Liquefaction      Hex/Erth       0%         N/A       100%        4
 Olgreb's Toxic Radiance  Pois           0%         N/A       100%        4
 Passage of Golubria      Tloc           0%         N/A       100%        4
 Petrify                  Tmut/Erth      0%         N/A       100%        4
 Alistair's Intoxication  Tmut/Pois      0%         N/A       100%        5
 Arcjolt                  Conj/Air       0%         1d10      100%        5
 Borgnjor's Vile Clutch   Necr/Erth      0%         N/A       100%        5
 Fireball                 Conj/Fire      0%         3d3       100%        5
 Freezing Cloud           Conj/Ice/Air   0%         6-21      100%        5
 Irradiate                Conj/Tmut      0%         3d11      100%        5
 Lee's Rapid Deconstruct  Erth           0%         3d4*      100%        5
 Metabolic Englaciation   Hex/Ice        0%         N/A       100%        5
 Silence                  Hex/Air        0%         N/A       100%        5
 Conjure Ball Lightning   Conj/Air       0%         3x3d6     100%        6
 Dispersal                Tloc           0%         N/A       100%        6
 Eringya's Noxious Bog    Tmut/Pois      0%         4d6       100%        6
 Leda's Unmaking          Conj/Erth      0%         9d1       100%        6
 Plasma Beam              Fire/Air       0%         2x1d10    100%        6
 Starburst                Conj/Fire      0%         6d3       100%        6
 Ozocubu's Refrigeration  Ice            0%         4d7       100%        7
 Borgnjor's Revivificati  Necr           0%         N/A       100%        8
 Discord                  Hex            0%         N/A       100%        8
 Ignition                 Fire           0%         3d3       100%        8
 Lehudib's Crystal Spear  Conj/Erth      0%         10d2      100%        8
 Maxwell's Capacitive Co  Air            0%         ∞         100%        8
 Chain Lightning          Conj/Air       0%         N/A       100%        9
 Death's Door             Necr           0%         N/A       100%        9
 Fire Storm               Conj/Fire      0%         5d1       100%        9
 Polar Vortex             Ice            0%         N/A       100%        9
 Summon Small Mammal      Summ           Unusable   N/A       N/A         1
 Call Imp                 Summ           Unusable   N/A       N/A         2
 Call Canine Familiar     Summ           Unusable   N/A       N/A         3
 Summon Ice Beast         Ice/Summ       Unusable   N/A       N/A         4
 Summon Lightning Spire   Summ/Air       Unusable   N/A       N/A         4
 Simulacrum               Ice/Necr       Unusable   N/A       N/A         6
 Haunt                    Necr/Summ      Unusable   N/A       N/A         7
 Summon Hydra             Summ           Unusable   N/A       N/A         7
 Dragon's Call            Summ           Unusable   N/A       N/A         9

Dungeon Overview and Level Annotations

Branches:
Dungeon (15/15)            Temple (1/1) D:5            Lair (5/5) D:9
  Swamp (4/4) Lair:3        Snake (4/4) Lair:2        Slime (0/5) Lair:4
    Orc (2/2) D:10            Elf (3/3) Orc:2        Vaults (5/5) D:14
  Crypt (0/3) Vaults:3     Depths (4/4) D:15            Zot (5/5) Depths:4
 WizLab (visited)         Gauntlet (visited)

Altars:
Ashenzari
Cheibriados
Dithmenos
Elyvilon
Fedhas
Gozag
Hepliaklqana
Kikubaaqudgha
Makhleb
Nemelex Xobeh
Okawaru
Qazlal
Ru
Sif Muna
Trog
Uskayaw
Vehumet
Wu Jian
Xom
Yredelemnul
Zin
The Shining One
Jiyva

Shops:
D:4 (   D:5 ?   D:12 *(?(   D:13 :*(   Orc:2 [**((   Elf:2 (=(!(   Elf:3 (
Vaults:2 (   Vaults:4 *

Portals:
Hell: Depths:1 Depths:2 Depths:3 Depths:4
Abyss: Depths:3
Pandemonium: Depths:1 Depths:2
Ziggurat: Depths:3
Trove: Vaults:4 (give +7 demon blade)

Annotations:
D:10 1 runed translucent door, edsrzf's ghost, novice VSSh
D:15 2 transporters
Lair:2 exclusion: oklob plant
Lair:5 3 runed translucent doors, Guenter's ghost, journeyman FoFi; MinotaursOnly's ghost, journeyman MiFE
Swamp:4 exclusion: oklob plant
Elf:2 5 runed translucent doors


Innate Abilities, Weirdness & Mutations

You are too large for most types of armour.
You have tough skin. (AC +1)


Message History

You block the sixfirhy's attack.
The sixfirhy hits you but does no damage.
You hammer the sixfirhy like a gong!!!
The sixfirhy is almost dead.
You block the sixfirhy's attack.
You barely miss the sixfirhy.
The sixfirhy is almost dead.
The sixfirhy hits you but does no damage.
You miss the sixfirhy.
The sixfirhy is almost dead.
You bludgeon the sixfirhy!!
You kill the sixfirhy!
Okawaru accepts your kill. You block the orange demon's attack.
You block the orange demon's attack. x2
You see here 7 stones.
You hit the orange demon.
The orange demon is lightly wounded.
The orange demon closely misses you.
The orange demon hits you but does no damage.
You thump the orange demon!
The orange demon is moderately wounded.
You pound the orange demon like an anvil!!!
You kill the orange demon!
Okawaru accepts your kill.
No target in view!
No target in view!
No target in view!
No target in view!
No target in view!
No target in view!
No target in view!
(D) Dungeon (T) Temple (L) Lair (S) Swamp (P) Snake Pit (M) Slime Pits (O) Orcish Mines (E) Elven Halls (V) Vaults (C) Crypt (U) Depths (H) Hell (Z) Zot
Where to? (Tab/Enter - D:1 @ (x,y), ? - help)
You feel like a meek peon again.
There is a staircase leading out of the dungeon here.
You have escaped!

##...####.........###....####.
##.### ###.#################.
#...# ##.##..##..##...##...
###.# #.#..#..###.#§§#.(##.
#.# #.##≈≈##...###.≈.§##. #.#
###.##.####.##..≈###. #.#
###.#..#...#.#.≈##.... #.#
#.#.######..#.#≈..####
#[###.#.#@...####.#.##.##
#.#.##.##....###.####.#≈#
#.#.#####§.##.#..≈#.#§#.#
#.#.#####..#.#.###.#.#.##
#......≈≈##.####≈.#####.#
###.≈>...##.#...%.#..#..#
#..≈.≈.##..≈.#.#.#....#
####################### #.#


There were no monsters in sight!

Vanquished Creatures
  2 orbs of fire (Zot:5)
  6 dread liches
  4 ancient liches
  A juggernaut (Depths:3)
  Sojobo (Vaults:4)
  A Killer Klown (Zot:5)
  Parghit (Depths:4)
  Xtahua (Vaults:5)
  Saint Roka (Vaults:4)
  2 curse toes (Zot:5)
  A caustic shrike (Depths:3)
  3 golden dragons
  the Enchantress (Depths:1)
  An electric golem (Zot:5)
  A pandemonium lord (D:4)
  9 tentacled monstrosities
  Jorgrun (Swamp:1)
  5 liches
  A Hell Sentinel (D:1)
  Rupert (D:14)
  26 Orb Guardians
  Asterion (Vaults:2)
  4 titans (Vaults:5)
  3 walking earthen tomes (Depths:3)
  2 walking frostbound tomes (Depths:3)
  A deep elf master archer (Elf:3)
  2 deep elf blademasters (Elf:3)
  8 quicksilver dragons
  The ghost of kickassninja the Gelid, an adept DECj of Vehumet (Snake:4)
  7 sphinxes
  2 Executioners
  4 death cobs
  Aizul (Depths:1)
  11 storm dragons
  Gastronok (Lair:2)
  12 tengu reavers
  5 thorn hunters
  Donald (Orc:2)
  Kirke (D:14)
  5 shadow dragons
  2 draconian monks
  7 nagarajas
  Roxanne (Swamp:2)
  A daeva (D:1)
  6 deep elf elementalists
  10 frost giants
  A draconian knight (Zot:5)
  A ghost moth (Zot:1)
  4 iron dragons
  6 draconian scorchers
  10 fire giants
  A draconian shifter (Zot:1)
  16 vault wardens
  10 deep elf sorcerers
  Louise (Elf:1)
  3 balrugs
  2 cacodemons
  28 ironbound preservers
  2 draconian stormcallers (Zot:1)
  26 very ugly things
  A hydra skeleton (Swamp:4)
  2 draconian annihilators
  A reaper (Depths:3)
  5 spriggan defenders
  3 war gargoyles
  An orc warlord (Elf:2)
  4 ironbound thunderhulks
  13 stone giants
  2 eleionomae (Swamp:4)
  2 formless jellyfish
  5 vampire knights
  2 green draconians (Depths:4)
  4 deep elf demonologists
  11 dire elephants
  7 bunyips
  3 yellow draconians
  5 red draconians
  A bunyip (shapeshifter) (Depths:4)
  6 purple draconians
  3 deep elf annihilators
  2 black draconians
  A minotaur (Gauntlet)
  A spark wasp (Depths:2)
  3 white draconians
  10 ettins
  3 crystal guardians
  3 deep elf death magi
  9 deep elf high priests
  5 fire dragons
  2 shambling mangroves
  An entropy weaver (shapeshifter) (D:14)
  An entropy weaver (Vaults:4)
  19 yaktaur captains
  6 ice dragons
  13 great orbs of eyes
  10 ironbound frosthearts
  23 hydras
  35 vault guards
  7 peacekeepers
  2 spriggan air magi
  3 ogre magi
  A rakshasa (Depths:1)
  6 salamander tyrants
  10 boulder beetles
  A sphinx skeleton (Vaults:2)
  A hell beast (Depths:4)
  14 centaur warriors
  A ghost crab (Swamp:4)
  6 anacondas
  2 catoblepae
  5 alligators
  An anaconda (shapeshifter) (D:14)
  8 two-headed ogres
  8 deep troll shamans
  14 dancing weapons
  11 naga warriors
  9 death yaks (Lair:4)
  4 deep troll earth magi
  7 tengu warriors
  3 spriggan berserkers
  The ghost of Oxteud the Tainter, a journeyman SpVM (Orc:1)
  4 hell hogs (Depths:4)
  3 shock serpents
  A death yak (shapeshifter) (D:14)
  4 orc high priests (Orc:2)
  8 sun demons
  The ghost of ntxq the Eclecticist, a journeyman DECj of Vehumet (Lair:1)
  Sonja (Lair:4)
  10 deep elf knights
  Nergalle (D:10)
  12 naga sharpshooters
  5 soul eaters
  2 hell knights
  14 skeletal warriors
  A fire crab (shapeshifter) (D:14)
  9 salamander mystics
  5 skysharks
  A titan skeleton (Vaults:3)
  6 iron trolls (Depths:3)
  3 spectral hydras (Swamp:4)
  5 flayed ghosts
  5 goliath frogs
  2 sixfirhies (D:1)
  81 deep trolls
  3 naga ritualists
  A glowing orange brain (Depths:1)
  9 lindwurms
  3 spriggan druids
  7 swamp dragons
  6 bog bodies
  10 deep elf archers
  9 wizards
  12 phantasmal warriors
  A harpy (shapeshifter) (Depths:3)
  19 deep elf pyromancers
  6 necromancers
  6 orc knights
  19 ironbound convokers
  4 harpies
  23 deep elf zephyrmancers
  A steelbarb worm (shapeshifter) (Vaults:1)
  5 orc sorcerers
  27 salamanders
  A wolf spider (D:15)
  7 mana vipers
  4 manticores
  27 ugly things
  A tengu skeleton (Vaults:3)
  10 cyclopes
  A frost giant skeleton (Vaults:3)
  4 elephants (Lair:4)
  3 will-o-the-wisps
  5 moths of wrath
  3 centaur zombies (D:15)
  A rust devil (Depths:2)
  A stone giant skeleton (Vaults:3)
  Maurice (D:8)
  15 vault sentinels
  An orange demon (D:1)
  34 black mambas
  An eye of devastation (shapeshifter) (Orc:1)
  6 guardian serpents
  2 gargoyles
  2 centaur skeletons (D:15)
  4 smoke demons (Depths:4)
  15 naga magi
  27 cane toads
  Maggie (D:7)
  42 yaktaurs
  7 unseen horrors
  A kobold demonologist (D:4)
  2 efreet
  3 freezing wraiths
  8 tengu conjurers
  8 komodo dragons
  A harpy zombie (D:15)
  7 trolls
  A troll (shapeshifter) (Elf:3)
  2 death drake zombies (Swamp:4)
  3 meliai (D:13)
  2 bloated husks
  8 hornets
  A hellwing (Depths:2)
  2 tyrant leeches (Swamp:1)
  5 polar bears
  Prince Ribbit (D:5)
  Grinder (D:4)
  A raiju (Gauntlet)
  A death drake skeleton (Swamp:4)
  27 blink frogs
  9 large abominations
  5 shadows
  2 air elementals
  4 centaur simulacra (D:15)
  5 dream sheep (Lair:2)
  A jumping spider (shapeshifter) (D:13)
  40 slime creatures
  7 spriggans
  3 wraiths
  A wyvern (shapeshifter) (D:14)
  3 vampires
  2 ettin skeletons (Vaults:3)
  2 wyverns
  Eustachio (D:4)
  3 fire elementals
  3 humans (D:14)
  5 water elementals
  75 yaks
  5 basilisks
  A steam dragon (D:8)
  A redback (shapeshifter) (Vaults:5)
  4 chaos spawn (Depths:3)
  16 vampire mosquitoes
  An elf skeleton (Vaults:3)
  39 nagas
  5 wargs
  17 swamp worms
  An acid dragon (D:13)
  3 hydra simulacra (Swamp:4)
  15 water moccasins
  2 floating eyes (D:15)
  A floating eye (shapeshifter) (D:14)
  4 swamp drakes
  2 sky beasts (D:6)
  26 orc warriors
  An ice beast (D:5)
  A sky beast (shapeshifter) (Elf:3)
  3 black bears
  5 boggarts (Vaults:2)
  7 ogres
  4 swamp dragon zombies (Swamp:4)
  A hornet zombie (D:15)
  21 wolves
  19 centaurs
  2 phantoms
  A swamp dragon skeleton (Swamp:4)
  A human zombie (Vaults:2)
  2 kobold brigands
  4 human skeletons
  An earth elemental (Elf:1)
  18 bullfrogs
  A gnoll sergeant (D:7)
  A scorpion (shapeshifter) (Vaults:4)
  3 small abominations (Depths:3)
  5 wights (D:10)
  2 hornet simulacra (D:15)
  20 killer bees
  6 electric eels
  2 howler monkeys
  4 hounds
  14 orc priests
  2 jellies (D:7)
  A sleepcap (D:8)
  A boggart zombie (D:15)
  2 gnoll boudas
  A lightning spire (Gauntlet)
  2 scorpion zombies (D:4)
  4 iguanas
  26 orc wizards
  2 hound zombies (D:4)
  A boggart simulacrum (D:15)
  A howler monkey zombie (D:4)
  11 adders
  31 gnolls
  A white imp (D:7)
  A worm (D:1)
  5 dart slugs
  108 orcs
  3 ball pythons
  3 bats
  3 endoplasms
  5 giant cockroaches
  3 goblins
  6 hobgoblins
  6 jackals (D:5)
  3 quokkas
  5 frilled lizards
  27 kobolds
  5 rats
  5 spectral weapons
2036 creatures vanquished.

Vanquished Creatures (others)
  A draconian monk (Zot:1)
  An ettin (Vaults:5)
  A deep elf knight (D:14)
  A deep elf zephyrmancer (Elf:1)
  A bloated husk (Swamp:2)
  An orc warrior (Orc:2)
  A swamp drake (Swamp:2)
  A bat (D:3)
  8 foxfires (Swamp:3)
  36 spectral weapons
52 creatures vanquished.

Grand Total: 2088 creatures vanquished

Notes
Turn   | Place    | Note
-------+----------+-------------------------------------------
     0 | D:1      | foff the Ogre Gladiator began the quest for the Orb.
     0 | D:1      | Reached XP level 1. HP: 22/22 MP: 1/1
    81 | D:1      | Reached skill level 3 in Fighting
   153 | D:1      | Reached XP level 2. HP: 31/31 MP: 2/2
   661 | D:1      | Reached XP level 3. HP: 37/37 MP: 3/3
  1357 | D:2      | Reached skill level 4 in Fighting
  1357 | D:2      | Reached XP level 4. HP: 12/48 MP: 4/4
  1701 | D:2      | Found the -2 hat of the Alchemist {rElec rPois rF+ rC+ rN+
                  | Will+ rMut rCorr}
  2130 | D:2      | Reached XP level 5. HP: 38/55 MP: 5/5
  2413 | D:3      | Found a white marble altar of Elyvilon.
  2502 | D:3      | Became a worshipper of Elyvilon the Healer
  3272 | D:3      | Reached skill level 5 in Fighting
  3382 | D:3      | Identified a scroll of acquirement
  3382 | D:3      | Acquired a +4 spectral quarterstaff
  3425 | D:3      | Reached XP level 6. HP: 44/66 MP: 6/6
  3499 | D:4      | Reached * piety under Elyvilon
  3517 | D:4      | Reached skill level 1 in Invocations
  3519 | D:4      | Noticed Grinder
  3597 | D:4      | Killed Grinder
  3598 | D:4      | Reached XP level 7. HP: 59/74 MP: 6/8
  3675 | D:4      | Found Reuzalaf's Weapon Boutique.
  3689 | D:4      | Bought a +0 spectral giant spiked club for 87 gold pieces
  3833 | D:4      | Reached skill level 6 in Fighting
  3841 | D:4      | Found a basalt altar of Yredelemnul.
  4330 | D:5      | Entered Level 5 of the Dungeon
  4333 | D:5      | Noticed Eustachio
  4571 | D:4      | Found Reuzalaf's Weapon Boutique.
  4732 | D:4      | Killed Eustachio
  4733 | D:4      | Reached skill level 5 in Maces & Flails
  5053 | D:4      | Found a basalt altar of Yredelemnul.
  5281 | D:5      | Noticed a kobold demonologist
  5300 | D:4      | Noticed a sun demon
  5300 | D:4      | Killed a kobold demonologist
  5301 | D:4      | Reached skill level 7 in Fighting
  5301 | D:4      | Reached skill level 5 in Throwing
  5301 | D:4      | Reached XP level 8. HP: 84/87 MP: 9/11
  5349 | D:5      | Found Hatott's Magic Scroll Emporium.
  5350 | D:5      | Found a shimmering blue altar of Sif Muna.
  5357 | D:5      | Bought a scroll of fear for 56 gold pieces
  5357 | D:5      | Bought a scroll of teleportation for 42 gold pieces
  5357 | D:5      | Bought a scroll of identify for 28 gold pieces
  5398 | D:5      | Found a glowing silver altar of Zin.
  5515 | D:5      | Found a staircase to the Ecumenical Temple.
  5534 | D:5      | Reached skill level 1 in Armour
  5619 | Temple   | Entered the Ecumenical Temple
  5632 | D:5      | Noticed Prince Ribbit
  5822 | D:5      | Killed Prince Ribbit
  5823 | D:5      | Reached XP level 9. HP: 46/96 MP: 12/12
  5969 | D:5      | Reached skill level 8 in Fighting
  6097 | D:5      | Reached skill level 5 in Invocations
  6105 | D:5      | Reached ** piety under Elyvilon
  7184 | D:7      | Noticed Maggie
  7200 | D:7      | Killed Maggie
  7436 | D:7      | Found a blossoming altar of Fedhas.
  7458 | D:7      | Reached skill level 9 in Fighting
  7461 | D:7      | Reached skill level 1 in Evocations
  7860 | D:7      | Reached *** piety under Elyvilon
  7938 | D:7      | Reached XP level 10. HP: 50/107 MP: 14/14
  8186 | D:7      | Found a shadowy altar of Dithmenos.
  8479 | D:8      | You fall into a shaft and drop 1 floor!
  8764 | D:9      | Found a sacrificial altar of Ru.
  8996 | D:8      | Found a glowing golden altar of the Shining One.
  9007 | D:8      | Reached **** piety under Elyvilon
  9022 | D:8      | Noticed Maurice
  9033 | D:8      | Killed Maurice
  9053 | D:8      | Found an ancient bone altar of Kikubaaqudgha.
  9248 | D:9      | Found a staircase to the Lair.
  9250 | D:9      | Noticed a boulder beetle
  9258 | D:8      | Reached skill level 10 in Fighting
  9370 | D:8      | Killed a boulder beetle
  9470 | D:9      | Reached XP level 11. HP: 119/119 MP: 16/16
  9727 | D:9      | Found a hazy altar of Hepliaklqana.
 10061 | D:10     | Entered Level 10 of the Dungeon
 10131 | D:10     | Reached skill level 5 in Armour
 10161 | D:10     | Found an iron altar of Okawaru.
 10175 | D:10     | Fell from the grace of Elyvilon
 10175 | D:10     | Became a worshipper of Warmaster Okawaru
 10252 | D:10     | Noticed Nergalle
 10265 | D:10     | Killed Nergalle
 10266 | D:10     | Reached skill level 11 in Fighting
 10402 | D:10     | Found a runed translucent door.
 10583 | D:10     | Reached * piety under Okawaru
 10718 | D:10     | Found a staircase to the Orcish Mines.
 10751 | D:10     | Noticed edsrzf's ghost (novice VSSh)
 10809 | D:11     | Noticed a two-headed ogre
 10818 | D:11     | Noticed a manticore
 10821 | D:11     | Killed a two-headed ogre
 10827 | D:11     | Killed a manticore
 10827 | D:11     | Reached ** piety under Okawaru
 11575 | D:12     | Reached XP level 12. HP: 96/130 MP: 18/18
 11665 | D:12     | Reached *** piety under Okawaru
 11673 | D:12     | Received a gift from Okawaru
 11682 | D:12     | Found Epso's Antique Weapon Shoppe.
 11785 | D:12     | Noticed a two-headed ogre
 11792 | D:12     | Killed a two-headed ogre
 11876 | D:12     | Noticed a centaur warrior
 11880 | D:12     | Killed a centaur warrior
 11881 | D:12     | Reached skill level 5 in Evocations
 11910 | D:12     | Found Dal Unan's Magic Scroll Shoppe.
 11953 | D:12     | Reached skill level 12 in Fighting
 11977 | D:12     | Found Ejohedd's Antique Weapon Shoppe.
 12023 | D:12     | Reached **** piety under Okawaru
 12081 | D:12     | Found Haoshote's Assorted Antiques.
 12228 | D:13     | Found Apsoneem's Book Shop.
 12228 | D:13     | Found Juno's Assorted Antiques.
 12228 | D:13     | Found Ifaog's Weapon Shop.
 12293 | D:13     | Found a glowing golden altar of the Shining One.
 12698 | D:13     | Noticed a two-headed ogre
 12705 | D:13     | Reached skill level 10 in Maces & Flails
 12707 | D:13     | Killed a two-headed ogre
 12707 | D:13     | Reached ***** piety under Okawaru
 12729 | D:13     | Reached XP level 13. HP: 140/141 MP: 20/20
 12830 | D:13     | Reached skill level 10 in Throwing
 12830 | D:13     | Received a gift from Okawaru
 12836 | D:13     | Reached skill level 13 in Fighting
 13003 | D:13     | Received a gift from Okawaru
 13749 | D:13     | Acquired 1024 gold pieces
 13847 | D:12     | Bought a scroll of acquirement for 676 gold pieces
 13847 | D:12     | Acquired a manual of Fighting
 13849 | D:12     | Bought a scroll of teleportation for 39 gold pieces
 13849 | D:12     | Bought a scroll of teleportation for 39 gold pieces
 13849 | D:12     | Bought a scroll of teleportation for 39 gold pieces
 13849 | D:12     | Bought a scroll of revelation for 97 gold pieces
 13849 | D:12     | Bought a scroll of revelation for 97 gold pieces
 13849 | D:12     | Bought a scroll of identify for 26 gold pieces
 13849 | D:12     | Bought a scroll of identify for 26 gold pieces
 13907 | D:14     | Noticed an entropy weaver
 13912 | D:14     | Killed an entropy weaver
 14133 | D:14     | Noticed Rupert
 14142 | D:14     | Reached skill level 10 in Invocations
 14176 | D:14     | Killed Rupert
 14406 | D:14     | Reached skill level 14 in Fighting
 14423 | D:14     | Found a gate to the Vaults.
 14437 | D:14     | HP: 3/146 [barbs]
 14560 | D:14     | Received a gift from Okawaru
 14692 | D:14     | Noticed Kirke
 14716 | D:14     | Killed Kirke
 14729 | D:14     | Reached XP level 14. HP: 135/157 MP: 21/21
 14768 | D:14     | Found a sacrificial altar of Ru.
 15047 | Lair:1   | Entered Level 1 of the Lair of Beasts
 15290 | Lair:1   | Reached skill level 15 in Fighting
 15396 | Lair:1   | Received a gift from Okawaru
 15636 | Lair:1   | Found a transporter.
 15636 | Lair:1   | Noticed ntxq's ghost (journeyman DECj)
 15660 | Lair:1   | Found a transporter.
 15753 | Lair:1   | Acquired a manual of Armour
 16244 | Lair:1   | Killed ntxq's ghost
 16256 | Lair:1   | Acquired the +2 giant club "Lifebane" {speed, Int+6}
 16291 | Lair:2   | Noticed Gastronok
 16295 | Lair:2   | Killed Gastronok
 16295 | Lair:2   | Received a gift from Okawaru
 16739 | Lair:2   | Reached skill level 16 in Fighting
 16746 | Lair:2   | Received a gift from Okawaru
 17001 | Lair:2   | Found a staircase to the Snake Pit.
 17031 | Lair:2   | Found a blossoming altar of Fedhas.
 17470 | Lair:3   | Found a gate leading to a gauntlet.
 17493 | Gauntlet | Entered a Gauntlet
 17493 | Gauntlet | Found a transporter.
 17506 | Gauntlet | Found a transporter.
 17517 | Gauntlet | Found a transporter.
 17519 | Gauntlet | Found a large runed translucent door.
 17520 | Gauntlet | Found a large runed translucent door.
 17521 | Gauntlet | Found a large runed translucent door.
 17521 | Gauntlet | Found a large runed translucent door.
 17521 | Gauntlet | Found a runed translucent door.
 17522 | Gauntlet | Found a transporter.
 17523 | Gauntlet | Found a runed translucent door.
 17524 | Gauntlet | Found a large runed translucent door.
 17524 | Gauntlet | Found a large runed translucent door.
 17525 | Gauntlet | Found a large runed translucent door.
 17526 | Gauntlet | Found a large runed translucent door.
 17532 | Gauntlet | Found a large runed translucent door.
 17532 | Gauntlet | Found a large runed translucent door.
 17533 | Gauntlet | Found a large runed translucent door.
 17533 | Gauntlet | Found a large runed translucent door.
 17534 | Gauntlet | Found a large runed translucent door.
 17534 | Gauntlet | Found a large runed translucent door.
 17535 | Gauntlet | Found a runed translucent gate.
 17535 | Gauntlet | Found a runed translucent gate.
 17535 | Gauntlet | Found a runed translucent gate.
 17536 | Gauntlet | Noticed a cacodemon
 17537 | Gauntlet | Found a transporter.
 17547 | Gauntlet | Found a large runed translucent door.
 17548 | Gauntlet | Found a large runed translucent door.
 17555 | Gauntlet | Noticed a reaper
 17556 | Gauntlet | Found a transporter.
 17568 | Gauntlet | Found a transporter.
 17580 | Gauntlet | Found a transporter.
 17592 | Gauntlet | Found a transporter.
 17604 | Gauntlet | Found a transporter.
 17606 | Gauntlet | Noticed a reaper
 17621 | Gauntlet | Found a transporter.
 17639 | Gauntlet | Found a transporter.
 17641 | Gauntlet | Found a transporter.
 17668 | Gauntlet | Found a transporter.
 17688 | Gauntlet | Found a transporter.
 17766 | Gauntlet | Found a transporter.
 17786 | Gauntlet | Found a transporter.
 17885 | Gauntlet | Found a transporter.
 18012 | Gauntlet | Identified the ring "Zeyhozu" {Will+ rCorr Str-5 Dex+4
                  | SInv}
 18119 | Gauntlet | Received a gift from Okawaru
 18119 | Gauntlet | Found the +7 mace of Variability {chaos, chaos arc}
 18120 | Gauntlet | Reached XP level 15. HP: 142/171 MP: 23/23
 18135 | Gauntlet | Got the Spellbook of Enchanting Beckoning
 18735 | Lair:3   | Found a staircase to the Swamp.
 19610 | Lair:4   | Identified the +3 dire flail of Jukh {spect, rC++ Int+3
                  | Dex-5} (Okawaru gifted it to you on level 4 of the Lair of
                  | Beasts)
 19610 | Lair:4   | Received a gift from Okawaru
 19625 | Lair:4   | Reached skill level 17 in Fighting
 19883 | Lair:4   | Found a staircase to the Slime Pits.
 19883 | Lair:4   | Found a viscous altar of Jiyva.
 20185 | Lair:4   | Noticed Sonja
 20191 | Lair:4   | Killed Sonja
 20218 | Lair:4   | Reached skill level 5 in Dodging
 20235 | Lair:4   | Received a gift from Okawaru
 20622 | Lair:5   | Entered Level 5 of the Lair of Beasts
 20955 | Lair:5   | Reached skill level 10 in Armour
 20964 | Lair:5   | Received a gift from Okawaru
 21274 | Lair:5   | Reached skill level 18 in Fighting
 21415 | Lair:5   | Found a runed translucent gate.
 21422 | Lair:5   | Found a runed translucent gate.
 21423 | Lair:5   | Found a runed translucent gate.
 21583 | Lair:5   | Noticed MinotaursOnly's ghost (journeyman MiFE)
 21748 | Lair:5   | Noticed Guenter's ghost (journeyman FoFi)
 21907 | Orc:1    | Entered Level 1 of the Orcish Mines
 22078 | Orc:1    | Reached XP level 16. HP: 124/185 MP: 25/25
 22299 | Orc:2    | Entered Level 2 of the Orcish Mines
 22320 | Orc:2    | Found Arizi's Antique Weapon Boutique.
 22342 | Orc:2    | Noticed Donald
 22493 | Orc:2    | Killed Donald
 22822 | Orc:2    | Identified the +7 giant club "Beunowk" {drain, rCorr Int+5}
                  | (Okawaru gifted it to you on level 2 of the Orcish Mines)
 22822 | Orc:2    | Received a gift from Okawaru
 22915 | Orc:2    | Found a staircase to the Elven Halls.
 23350 | Orc:2    | Found Gerromu's Antique Armour Boutique.
 23350 | Orc:2    | Found Zaexekhlo's General Store.
 23373 | Orc:2    | Found Eniuriewka's General Store.
 23373 | Orc:2    | Found Itaokoty's Weapon Emporium.
 23385 | Orc:2    | Bought a scroll of enchant armour for 120 gold pieces
 23385 | Orc:2    | Bought a +4 ring of protection for 576 gold pieces
 23695 | Orc:1    | Found a runed translucent door.
 23695 | Orc:1    | Noticed Oxteud's ghost (journeyman SpVM)
 23725 | Orc:1    | Received a gift from Okawaru
 23978 | Orc:1    | Killed Oxteud's ghost
 24487 | D:14     | Reached skill level 19 in Fighting
 25177 | D:15     | Entered Level 15 of the Dungeon
 25207 | D:15     | Received a gift from Okawaru
 25213 | D:15     | Identified the amulet of Midsummer {Reflect rElec rC- Int+2
                  | SH+5}
 25378 | D:15     | Found a shadowy altar of Dithmenos.
 25492 | D:15     | Found a transporter.
 25525 | D:15     | Found a staircase to the Depths.
 25612 | D:15     | Reached skill level 15 in Maces & Flails
 25871 | D:15     | Identified the ring "Wufanu" {+Blink rF- Str+8 Int+6 SInv}
 25879 | D:15     | Identified the +7 triple sword of Exquisite Death {spect,
                  | Int+4} (Okawaru gifted it to you on level 15 of the
                  | Dungeon)
 25879 | D:15     | Received a gift from Okawaru
 26136 | D:15     | Reached XP level 17. HP: 99/201 MP: 26/26
 26391 | D:15     | Reached skill level 20 in Fighting
 26400 | D:15     | Identified the ring "Deiwegiw" {rElec rPois rCorr Dex+4
                  | SInv}
 26800 | D:15     | Identified the +5 giant spiked club "Dunucvagh" {freeze,
                  | rF+ rN+} (Okawaru gifted it to you on level 15 of the
                  | Dungeon)
 26800 | D:15     | Received a gift from Okawaru
 26826 | D:15     | Identified the ring "Plog" {rPois rF- rC+ rN+ Int+2}
 26863 | D:15     | Found a transporter.
 26935 | D:15     | Found a radiant altar of Vehumet.
 26974 | D:15     | Identified the staff of Plague {rN+ Will+ Str-2 Int+2 Dex+4
                  | Necro}
 27074 | D:15     | Found an iron altar of Okawaru.
 27118 | Depths:1 | Entered Level 1 of the Depths
 27509 | Snake:1  | Entered Level 1 of the Snake Pit
 27523 | Snake:1  | Received a gift from Okawaru
 28161 | Snake:1  | Received a gift from Okawaru
 29259 | Snake:2  | Reached skill level 21 in Fighting
 29728 | Snake:2  | Identified the +0 hat "Dabodd" {rF+ rC+} (Okawaru gifted it
                  | to you on level 2 of the Snake Pit)
 29728 | Snake:2  | Received a gift from Okawaru
 31620 | Snake:3  | Found an opulent altar of Gozag.
 31875 | Snake:4  | Entered Level 4 of the Snake Pit
 31875 | Snake:4  | Noticed kickassninja's ghost (adept DECj)
 31875 | Snake:4  | Found a runed translucent gate.
 31875 | Snake:4  | Found a runed translucent gate.
 31875 | Snake:4  | Found a runed translucent gate.
 31896 | Snake:4  | Reached XP level 18. HP: 175/215 MP: 27/27
 32114 | Snake:4  | Identified the +0 cloak of Petadebb {rF- rN++} (Okawaru
                  | gifted it to you on level 4 of the Snake Pit)
 32114 | Snake:4  | Received a gift from Okawaru
 33527 | Snake:4  | Killed kickassninja's ghost
 34228 | Snake:4  | Noticed a quicksilver dragon
 34237 | Snake:4  | Killed a quicksilver dragon
 34477 | Snake:4  | Got a serpentine rune of Zot
 34823 | Elf:1    | Entered Level 1 of the Elven Halls
 35022 | Elf:1    | Received a gift from Okawaru
 35504 | Elf:1    | Received a gift from Okawaru
 35505 | Elf:1    | Reached skill level 22 in Fighting
 35816 | Elf:1    | Noticed Louise
 35824 | Elf:1    | Killed Louise
 36059 | Elf:2    | Received a gift from Okawaru
 36123 | Elf:2    | Reached XP level 19. HP: 91/226 MP: 25/28
 36400 | Elf:2    | Received a gift from Okawaru
 36401 | Elf:2    | Found Ypsuceuk's Weapon Shoppe.
 36401 | Elf:2    | Found Tyream's Jewellery Emporium.
 36406 | Elf:2    | Found Dudevot's Antique Weapon Emporium.
 36409 | Elf:2    | Found Soys's Distillery.
 36742 | Elf:2    | Bought an amulet of regeneration for 330 gold pieces
 36750 | Elf:2    | Bought a potion of haste for 210 gold pieces
 36750 | Elf:2    | Bought a potion of resistance for 210 gold pieces
 36750 | Elf:2    | Bought a potion of heal wounds for 105 gold pieces
 36750 | Elf:2    | Bought a potion of cancellation for 168 gold pieces
 36750 | Elf:2    | Bought a potion of curing for 63 gold pieces
 36750 | Elf:2    | Bought a potion of curing for 63 gold pieces
 36750 | Elf:2    | Bought a potion of curing for 63 gold pieces
 36797 | Elf:2    | Paralysed by an air elemental for 1 turns
 36883 | Elf:2    | Found Joegoref's Antique Weapon Boutique.
 37211 | Elf:2    | Found a huge runed translucent gate.
 37211 | Elf:2    | Found a huge runed translucent gate.
 37216 | Elf:2    | Found a huge runed translucent gate.
 37217 | Elf:2    | Found a huge runed translucent gate.
 37218 | Elf:2    | Found a huge runed translucent gate.
 37355 | Elf:3    | Entered Level 3 of the Elven Halls
 37363 | Elf:3    | Received a gift from Okawaru
 37672 | Elf:3    | Found Zaota's Antique Weapon Emporium.
 38526 | Elf:3    | Received a gift from Okawaru
 38535 | Elf:3    | Identified the +0 glaive of Viehof {elec, +Blink MP+9 Str+6
                  | Dex-5}
 38792 | Elf:3    | Noticed a Brimstone Fiend
 38798 | Elf:3    | Identified the ring "Paji" {Fire Fly Slay+2}
 38798 | Elf:3    | Identified the ring "Qiddohouci" {rPois rF+}
 38837 | Elf:3    | Identified the +2 hat of Parts Unknown {rElec Str+4 SInv}
                  | (Okawaru gifted it to you on level 3 of the Elven Halls)
 38837 | Elf:3    | Received a gift from Okawaru
 39116 | Elf:3    | Identified the +7 scimitar of Yproig {protect, Dex+3}
 40316 | Elf:3    | Found the +0 pair of fencer's gloves {Riposte Dex+3}
 40321 | Elf:3    | Got Xeigoomp's Progressing With Hocus-Pocus
 40338 | Elf:3    | Identified the staff "Jetaq" {Str+8 Earth}
 40360 | Elf:3    | Identified the staff "Zepuipp" {rN+ rCorr Necro}
 40713 | Depths:1 | Found a hide-covered altar of Uskayaw.
 40808 | Depths:1 | Found a one-way gate leading to the halls of Pandemonium.
 40966 | Depths:1 | Noticed the Enchantress
 40975 | Depths:1 | Reached skill level 23 in Fighting
 40975 | Depths:1 | Reached skill level 15 in Throwing
 40975 | Depths:1 | Killed the Enchantress
 40976 | Depths:1 | Reached XP level 20. HP: 143/240 MP: 28/30
 41501 | Depths:1 | Found a gateway to Hell.
 41662 | Depths:1 | Received a gift from Okawaru
 41671 | Depths:1 | Noticed Aizul
 41932 | Depths:1 | Killed Aizul
 42262 | Depths:2 | Found a magical portal.
 42366 | WizLab   | Entered Alistair's Party Mansion
 42577 | Depths:2 | Identified the +3 scimitar of the Forsaken Spirits {heavy,
                  | rElec rPois}
 42887 | Depths:2 | Identified the +1 robe of Decaying Leaves {rN+}
 43053 | Depths:2 | Identified the +6 giant club of Putrescence {pain, rC+}
                  | (Okawaru gifted it to you on level 2 of the Depths)
 43053 | Depths:2 | Received a gift from Okawaru
 43174 | Depths:2 | Found a radiant altar of Vehumet.
 43356 | Depths:2 | Reached skill level 24 in Fighting
 43718 | Depths:3 | Received a gift from Okawaru
 43880 | Depths:3 | Noticed a caustic shrike
 43881 | Depths:3 | Noticed a juggernaut
 43887 | Depths:3 | Killed a caustic shrike
 43887 | Depths:3 | Received a gift from Okawaru
 43895 | Arena    | Entered the Arena
 43923 | Depths:3 | Killed a juggernaut
 43924 | Depths:3 | Reached skill level 15 in Armour
 44279 | Depths:3 | Received a gift from Okawaru
 44446 | Depths:3 | Reached XP level 21. HP: 186/254 MP: 31/31
 44454 | Depths:3 | Received a gift from Okawaru
 44663 | Depths:3 | Received a gift from Okawaru
 44813 | Depths:3 | Found a one-way gateway to a ziggurat.
 44824 | Depths:3 | Received a gift from Okawaru
 44825 | Depths:3 | Reached skill level 25 in Fighting
 45022 | Depths:3 | Found a one-way gate to the infinite horrors of the Abyss.
 45028 | Depths:3 | Identified the +5 acid dragon scales of the Devil's Team
                  | {rCorr Str+3} (Okawaru gifted it to you on level 3 of the
                  | Depths)
 45028 | Depths:3 | Received a gift from Okawaru
 45840 | Depths:4 | Entered Level 4 of the Depths
 46637 | Depths:4 | Found a gate to the Realm of Zot.
 46740 | Depths:4 | Reached skill level 26 in Fighting
 46837 | Depths:4 | Noticed Parghit
 47138 | Depths:4 | Killed Parghit
 47652 | Depths:4 | Reached XP level 22. HP: 156/273 MP: 32/32
 48207 | Swamp:1  | Entered Level 1 of the Swamp
 48231 | Swamp:1  | Noticed Jorgrun
 48238 | Swamp:1  | Killed Jorgrun
 48269 | Swamp:1  | Received a gift from Okawaru
 48416 | Swamp:1  | Got Saczia's Compendium of the Atmospheric Tundra
 48774 | Swamp:2  | Noticed Roxanne
 48784 | Swamp:2  | Killed Roxanne
 49228 | Swamp:3  | Received a gift from Okawaru
 49403 | Swamp:3  | Got the Commentary on Called Pollution
 49444 | Swamp:4  | Entered Level 4 of the Swamp
 49597 | Swamp:4  | Reached skill level 27 in Fighting
 49661 | Swamp:4  | Found a basalt altar of Yredelemnul.
 49733 | Swamp:4  | Found a blossoming altar of Fedhas.
 49746 | Swamp:4  | Received a gift from Okawaru
 49769 | Swamp:4  | Got a decaying rune of Zot
 50365 | Vaults:1 | Entered Level 1 of the Vaults
 50510 | Vaults:1 | Identified the +9 ice dragon scales "Xosio" {rElec rPois
                  | rF- rC++ Str+2} (Okawaru gifted it to you on level 1 of the
                  | Vaults)
 50510 | Vaults:1 | Received a gift from Okawaru
 50769 | Vaults:1 | Reached XP level 23. HP: 185/284 MP: 33/33
 51645 | Vaults:2 | Noticed Asterion
 51651 | Vaults:2 | Killed Asterion
 51764 | Vaults:2 | Received a gift from Okawaru
 51932 | Vaults:2 | Found Eklalun's Weapon Emporium.
 52640 | Vaults:3 | Received a gift from Okawaru
 52948 | Vaults:3 | Received a gift from Okawaru
 53313 | Vaults:3 | Received a gift from Okawaru
 53527 | Vaults:3 | Found a staircase to the Crypt.
 53806 | Vaults:3 | Received a gift from Okawaru
 53808 | Vaults:3 | Reached XP level 24. HP: 196/295 MP: 33/33
 53881 | Vaults:3 | Acquired 663 gold pieces
 54046 | Vaults:4 | Noticed Saint Roka
 54067 | Vaults:4 | Killed Saint Roka
 54091 | Vaults:4 | Received a gift from Okawaru
 54237 | Vaults:4 | Found a portal to a secret trove of treasure.
 54327 | Vaults:4 | Noticed Sojobo
 54330 | Vaults:4 | Paralysed by an air elemental for 1 turns
 54340 | Vaults:4 | Found Hechonn's Assorted Antiques.
 54348 | Vaults:4 | Bought a scroll of enchant armour for 232 gold pieces
 54348 | Vaults:4 | Bought a potion of heal wounds for 155 gold pieces
 54366 | Vaults:4 | Paralysed by a formless jellyfish for 1 turns
 54398 | Vaults:4 | Paralysed by an air elemental for 1 turns
 54399 | Vaults:4 | Killed Sojobo
 54465 | Vaults:4 | Reached skill level 10 in Dodging
 54570 | Vaults:4 | Received a gift from Okawaru
 54790 | Vaults:4 | Reached ****** piety under Okawaru
 55002 | Vaults:5 | Entered Level 5 of the Vaults
 55010 | Vaults:5 | Received a gift from Okawaru
 55031 | Vaults:5 | Noticed Xtahua
 55039 | Vaults:5 | Killed Xtahua
 55067 | Vaults:5 | Received a gift from Okawaru
 55109 | Vaults:5 | Noticed an ancient lich
 55113 | Vaults:5 | Received a gift from Okawaru
 55117 | Vaults:5 | Killed an ancient lich
 55154 | Vaults:5 | Received a gift from Okawaru
 55349 | Vaults:5 | Received a gift from Okawaru
 55383 | Vaults:5 | Noticed a dread lich
 55391 | Vaults:5 | Killed a dread lich
 55442 | Vaults:5 | Got the Grimoire of Azure Ouranomancy
 55473 | Vaults:5 | Got a silver rune of Zot
 55511 | Vaults:5 | Reached XP level 25. HP: 264/304 MP: 33/33
 55512 | Vaults:5 | Identified the +0 quarterstaff of Irrepressible Laughter
                  | {drain, Dex+4}
 55512 | Vaults:5 | Identified the +9 eveningstar "Gughuyva" {speed, rPois rN+
                  | Int+3}
 55515 | Arena    | Entered the Arena
 55538 | Vaults:5 | Received a gift from Okawaru
 55538 | Vaults:5 | Found the +2 hood of the Assassin {Detect Stab+ Stlth++}
 55629 | Vaults:5 | Reached skill level 1 in Shields
 55707 | Vaults:5 | Identified the ring of Uwnuus {rPois rF+ rCorr Dex+2
                  | Stlth-}
 55815 | Vaults:5 | Noticed an ancient lich
 55818 | Vaults:5 | Killed an ancient lich
 55819 | Vaults:5 | Reached skill level 5 in Shields
 56273 | Vaults:5 | Noticed an ancient lich
 56369 | Vaults:5 | Killed an ancient lich
 56536 | Vaults:5 | Identified the ring "Dietuach" {Fly Str+3 SInv}
 56692 | Vaults:5 | Got the Textbook on Maledictive Striking
 56917 | Vaults:5 | Got Ojynk's Compendium of Decaying Jinxing
 57767 | Zot:1    | Entered Level 1 of the Realm of Zot
 57780 | Zot:1    | Reached skill level 10 in Shields
 57817 | Zot:1    | Acquired 713 gold pieces
 57889 | Arena    | Entered the Arena
 58076 | Zot:1    | Received a gift from Okawaru
 58283 | Zot:5    | Entered Level 5 of the Realm of Zot
 58557 | Zot:5    | Received a gift from Okawaru
 58930 | Zot:5    | Received a gift from Okawaru
 58932 | Zot:5    | Reached XP level 26. HP: 314/314 MP: 26/33
 58947 | Zot:5    | Noticed a dread lich
 58955 | Zot:5    | Killed a dread lich
 58955 | Zot:5    | Noticed an orb of fire
 58960 | Zot:5    | Noticed an ancient lich
 58960 | Zot:5    | Killed an orb of fire
 58960 | Zot:5    | Received a gift from Okawaru
 58966 | Zot:5    | Noticed a Killer Klown
 58967 | Zot:5    | Killed an ancient lich
 58968 | Zot:5    | Noticed a dread lich
 58972 | Zot:5    | Killed a dread lich
 58972 | Zot:5    | Received a gift from Okawaru
 58972 | Zot:5    | Noticed an orb of fire
 58980 | Zot:5    | Noticed a dread lich
 58984 | Zot:5    | Killed an orb of fire
 58984 | Zot:5    | Killed a Killer Klown
 58985 | Zot:5    | Reached skill level 15 in Shields
 58985 | Zot:5    | Killed a dread lich
 58988 | Zot:5    | Noticed a dread lich
 58993 | Zot:5    | Killed a dread lich
 59006 | Zot:5    | Noticed a dread lich
 59009 | Zot:5    | Killed a dread lich
 59137 | Zot:5    | Identified the +3 giant spiked club "Boixke" {distort, rC-
                  | Int+5} (Okawaru gifted it to you on level 5 of the Realm of
                  | Zot)
 59137 | Zot:5    | Received a gift from Okawaru
 59270 | Zot:5    | Got the Orb of Zot
 59422 | Depths:2 | Noticed Xuddy the pandemonium lord
 59630 | D:4      | Noticed Giditiki the pandemonium lord
 59638 | D:4      | Killed Giditiki the pandemonium lord
 59780 | D:1      | Identified the +12 tower shield of Dishonour {Dex+2}
 59848 | D:$      | Escaped with the Orb!

Illustrated notes

Levels and vault maps discovered:
D:1:      dpeg_arrival_brainrot, layout_loops_corners
D:2:      layout_loops_cross, grunt_decor_arrowhead, minmay_hedge_maze,
          kennysheep_cluttered_room
D:3:      minmay_inner_zag, layout_rooms, nicolae_elyvilon_peaceful_grove,
          lemuel_flame_loot_1
D:4:      layout_loops_ring, nicolae_yredelemnul_corpse_copse, serial_shops,
          nicolae_square_shop, uniq_grinder
D:5:      minmay_angry_zag, layout_rooms, overflow_temple_1_default,
          mainiacjoe_overflow_brackets, minmay_temple_entry_drinking_statues,
          serial_shops, shop, uniq_eustachio, uniq_prince_ribbit1
D:6:      layout_loops_ring, lightli_orcish_oven
D:7:      layout_basic, amcnicky_altar_gilded, nicolae_dithmenos_the_darkroom,
          uniq_maggie
D:8:      layout_cave_pools, mainiacjoe_overflow_big_doors, st_stairs_2,
          uniq_maurice
D:9:      layout_rooms, mainiacjoe_overflow_catwalk, kennysheep_little_box,
          erik_lair_island
D:10:     layout_cave_pools, okawaru_altar_gauntlet_db, erik_orc_2,
          ebering_ghost_reflecting_pool, skrybe_limestone_x, uniq_nergalle
D:11:     layout_loops_cross
D:12:     layout_loops_cross, serial_shops, nicolae_take_the_stairs, shop,
          nicolae_shop_peninsula, nicolae_shop_tiny_glass,
          chequers_serial_rivers_room_a
D:13:     minmay_box_of_statues, layout_basic,
          nicolae_shop_distant_corner_stores, tso_metal_star
D:14:     minmay_crescents, layout_layer_cave, david_vaults_2,
          nicolae_ru_sacrificial_ziggurat, nrook_guardian_serpent_ordinary,
          uniq_rupert, uniq_kirke
D:15:     hangedman_spin_cycle
Temple:   jpeg_temple_clearing
Lair:1:   layout_cave_pods, gammafunk_ghost_arena, pdpol_lair_cavern_descent,
          grunt_megastairs_2
Lair:2:   layout_loops_ring, minmay_snake_entry_guardpost_medium,
          hangedman_tree_tricks, dreamdust_gnoll_shepherd, grunt_megastairs_5,
          uniq_gastronok
Lair:3:   layout_cave_pods, skrybe_swamp_entry_bodies, gauntlet_entry_generic
Lair:4:   layout_regular_city, slime_entry_1, lemuel_fruit_fields,
          infiniplex_staircase_pool, grunt_megastairs_3, lemuel_fruit_tree,
          uniq_sonja
Lair:5:   minmay_lair_end_frog_pond, layout_small_grid, gammafunk_ghost_cemetery
Swamp:1:  layout_basic_swamp, evilmike_swamp_ruin_wall, uniq_jorgrun
Swamp:2:  nicolae_swamp_long_stream, layout_basic_swamp,
          evilmike_swamp_ruin_house_6, uniq_roxanne
Swamp:3:  layout_basic_swamp, nicolae_swamp_round_clearing
Swamp:4:  byrel_swamp_growth_death_and_undeath, layout_basic_swamp, swamp_pool5
Snake:1:  layout_chambers
Snake:2:  layout_onion_interference
Snake:3:  layout_misc_corridors, basic_altar, nicolae_triple_integral
Snake:4:  hellmonk_snake_rune_quicksilver_temple, layout_basic,
          ebering_ghost_rock_garden
Orc:1:    layout_caves, hellmonk_ghost_happy_afterlife, rock_pile
Orc:2:    grunt_orc_tribal_feast, layout_caves, serial_shops, shop, uniq_donald
Elf:1:    kennysheep_spiral_hall, layout_loops_corners,
          kennysheep_underground_church, uniq_louise
Elf:2:    elven_hall_of_blades_hangedman_alternative [mumra_blade_entry_dagger],
          layout_loops_corners, serial_shops, nicolae_shop_overgrown_old_shop,
          sword_in_stone, minmay_shoptagon
Elf:3:    minmay_elf_hall_quartered_circle, layout_loops_ring, serial_shops,
          nicolae_shop_back_alley_shop
Vaults:1: grunt_vaults_swirl, nicolae_vaults_oval_intersection, v_rooms_3,
          vaults_mumra_chevron, v_misc_15, v_misc_17,
          nicolae_vaults_apartment_2, nicolae_vaults_stepped_doors,
          ontoclasm_vaults_chip, vaults_standard_mumra_lines, v_misc_5,
          nicolae_vaults_tetromino_L_1, nicolae_vaults_trapezoid_3,
          nicolae_vaults_rhombus_5, nicolae_vaults_little_guard_posts,
          nicolae_vaults_tetromino_T_1, layout_vaults_omnibox
Vaults:2: nicolae_vaults_little_squares_2, vaults_dpeg_spiral,
          nicolae_vaults_alarming, nicolae_vaults_door_testing_chamber,
          nicolae_vaults_offset_grid_hallway_1,
          nicolae_vaults_storage_closets_1, nicolae_vaults_house_3,
          nicolae_vaults_ring_of_whatevers, nicolae_vaults_house_1,
          nicolae_vaults_trapezoid_3, layout_vaults_omnigrid, serial_shops,
          shop, uniq_asterion
Vaults:3: ontoclasm_vaults_spin, grunt_vaults_hallway_long,
          nicolae_vaults_network_quincunx
          [nicolae_vaults_network_quincunx_subvault,
          nicolae_vaults_network_quincunx_subvault,
          nicolae_vaults_network_quincunx_subvault,
          nicolae_vaults_network_quincunx_subvault,
          nicolae_vaults_network_quincunx_subvault], nicolae_vaults_theta,
          nicolae_vaults_network_square, nicolae_vaults_double_plus_3,
          nicolae_vaults_shrinking_rooms_2, nicolae_vaults_sesquioval_fish,
          minmay_crypt_entry_skeletal_spiral, hangedman_vaults_capsules,
          v_misc_23, ontoclasm_vaults_misaligned, vaults_room_grid,
          nicolae_vaults_tetromino_L_2, nicolae_vaults_double_plus_1,
          ontoclasm_vaults_twist, ontoclasm_vaults_misaligned,
          layout_vaults_maze_snakey
Vaults:4: vaults_room_fancy_cross, nicolae_vaults_apartment_2, v_pattern_2,
          vaults_room_grunt_arrival_checkpoint, hangedman_vaults_corner,
          ontoclasm_vaults_ring_large, hangedman_vaults_pinch,
          ontoclasm_vaults_eye, vaults_room_semicircle, grunt_vaults_diagonal,
          nicolae_vaults_security_offices_3, nicolae_vaults_sightless_eye,
          layout_vaults_omnicross, serial_shops, shop, serial_glass,
          enter_trove_3, uniq_saint_roka, uniq_sojobo
Vaults:5: serial_shops, uniq_xtahua
Depths:1: layout_gridlike, hell_entry, nicolae_water_bricks, serial_aquarium,
          aquarium_bridge_long_joined [aquarium_subvault_wall,
          aquarium_subvault_wall, aquarium_subvault_window,
          aquarium_subvault_wall, aquarium_subvault_balcony,
          aquarium_subvault_bridge], aquarium_bridge_square
          [aquarium_subvault_balcony, aquarium_subvault_wall,
          aquarium_subvault_bridge, aquarium_subvault_wall],
          aquarium_window_corridor_1, aquarium_window_1, aquarium_window_corner,
          aquarium_window_corner, aquarium_view_2f, rand_demon_pan_entry_7,
          chequers_serial_rivers_small_b, serial_bayou_pond_d,
          nicolae_uskayaw_suspiria, uniq_enchantress, uniq_aizul
Depths:2: minmay_the_grid_net [minmay_the_grid_minigrid_small_alt,
          minmay_the_grid_dragon_b, minmay_the_grid_paths,
          minmay_the_grid_plusring, minmay_the_grid_pillar_ring,
          minmay_the_grid_prize_four_corners], layout_gridlike,
          mu_enter_wizlab_3, fiery_altar_vehumet, hangedman_coc_ice_floe,
          rand_demon_pan_entry_8
Depths:3: kennysheep_big_flooded_room, layout_cave_shapes, enter_ziggurat_a,
          pf_dread_powers_of_hell, minmay_room_of_horrors, glass_columns_a,
          nicolae_rejected_hall
Depths:4: grunt_zot_entry_pinwheel, layout_gridville, hellmouth_3, uniq_parghit
Zot:1:    layout_twisted_circle
Zot:2:    layout_gridlike, skrybe_zot_glass_3
Zot:3:    layout_onion_interference
Zot:4:    layout_basic, uniq_vv
Zot:5:    layout_basic

Skill      XL: |  1  2  3  4  5  6  7  8  9 10 11 12 13 14 15 16 17 18 19 20 21 22 23 24 25 26 |
---------------+-------------------------------------------------------------------------------+-----
Fighting       | 3 4 5 7 9 10 11 12 14 16 18 19 21 22 23 24 26 27 | 27.0
Maces & Flails | 3 4 5 6 7 8 10 11 12 13 15 16 17 18 19 20 22 | 22.0
Throwing       | 3 4 5 6 7 8 9 10 11 12 13 14 15 16 18 19 20 | 20.6
Invocations    | 2 4 6 7 8 9 10 11 12 13 14 | 14.0
Armour         | 1 3 4 5 6 7 8 10 11 12 13 14 15 16 17 | 17.4
Evocations     | 1 3 4 5 7 8 9 |  9.0
Dodging        | 4 5 9 11 | 11.4
Shields        | 13 17 | 17.7

Action                     |  1- 3 |  4- 6 |  7- 9 | 10-12 | 13-15 | 16-18 | 19-21 | 22-24 | 25-27 || total
---------------------------+-------+-------+-------+-------+-------+-------+-------+-------+-------++-------
  Melee: Flail             |    87 |   116 |       |       |       |       |       |       |       ||   203
         Punch             |     2 |       |       |       |       |       |       |       |       ||     2
         Quarterstaff      |       |    20 |   213 |   356 |    42 |       |       |       |       ||   631
         Giant spiked club |       |       |       |    18 |   190 |   296 |   581 |   928 |   120 ||  2133
         Giant club        |       |       |       |       |   194 |       |       |       |       ||   194
         Great mace        |       |       |       |       |   345 |   653 |    13 |       |       ||  1011
         Eveningstar       |       |       |       |       |       |       |       |       |   364 ||   364
  Throw: Throwing net      |       |     4 |     7 |       |       |       |     1 |       |       ||    12
         Boomerang         |       |       |    54 |   124 |    72 |    10 |    34 |     3 |     1 ||   298
         Dart              |       |       |     1 |     6 |     9 |     1 |     2 |       |       ||    19
         Large rock        |       |       |     1 |       |    27 |    99 |   113 |       |    46 ||   286
         Javelin           |       |       |       |     7 |    11 |    20 |       |       |    33 ||    71
 Invoke: Purification      |       |       |     2 |       |       |       |       |       |       ||     2
         Heal Self         |       |       |       |     3 |       |       |       |       |       ||     3
         Heal Other        |       |       |       |     2 |       |       |       |       |       ||     2
         Heroism           |       |       |       |     4 |    24 |    31 |    26 |    12 |    13 ||   110
         Finesse           |       |       |       |       |     5 |     5 |     8 |     3 |     5 ||    26
         Duel              |       |       |       |       |       |       |     1 |       |     2 ||     3
  Evoke: Wand              |       |       |       |    11 |    18 |     1 |     6 |     4 |     3 ||    43
         Phial of floods   |       |       |       |       |     2 |     1 |     1 |     1 |     1 ||     6
         Tin of tremorston |       |       |       |       |     1 |     3 |     3 |     5 |       ||    12
         Lightning rod     |       |       |       |       |       |       |     8 |       |       ||     8
    Use: Scroll            |     1 |     5 |     4 |     6 |    25 |     7 |    18 |     7 |     8 ||    81
         Potion            |     1 |     1 |     4 |       |     9 |       |     5 |       |    11 ||    31
   Stab: Sleeping          |       |     1 |       |       |       |       |       |       |       ||     1
         Distracted        |       |       |     1 |     2 |     3 |     1 |     7 |     9 |     5 ||    28
         Confused          |       |       |       |       |     1 |     3 |       |       |       ||     4
         Paralysed         |       |       |       |       |     1 |     9 |       |     2 |       ||    12
         Petrifying        |       |       |       |       |     1 |       |       |       |       ||     1
 Armour: Robe              |    18 |    33 |    46 |       |       |       |       |       |       ||    97
         Skin              |     2 |     9 |       |       |       |       |       |       |       ||    11
         Steam dragon scal |       |       |     9 |    17 |       |       |       |       |       ||    26
         Troll leather arm |       |       |       |    52 |   115 |       |       |       |       ||   167
         Quicksilver drago |       |       |       |       |   128 |   451 |   198 |       |       ||   777
         Gold dragon scale |       |       |       |       |       |       |    58 |   627 |   183 ||   868
  Dodge: Dodged            |    53 |    65 |   111 |   163 |   361 |   543 |   192 |   333 |   110 ||  1931
  Block: Other             |       |       |    59 |    77 |    20 |       |       |       |       ||   156
         Reflection        |       |       |     4 |     1 |     6 |       |       |       |       ||    11
         Kite shield       |       |       |       |       |       |       |       |       |   152 ||   152

Table legend: (Time is in decaauts)
 A = Elapsed time spent in this place.
 B = Non-inter-level travel time spent in this place.
 C = Inter-level travel time spent in this place.
 D = Time resting spent in this place.
 E = Time spent auto-exploring this place.
 F = Levels seen in this place.
 G = Mean time per level.
                   A        B        C        D        E       F      G
               +--------+--------+--------+--------+--------+-----+--------+
         Total |  58686 |  54217 |   4469 |  16724 |  26743 |  53 | 1107.3 |
       Dungeon |  19547 |  17272 |   2275 |   5175 |   8211 |  15 | 1303.1 |
        Temple |    171 |    171 |      0 |    167 |      0 |   1 |  171.0 |
          Lair |   6118 |   5595 |    523 |   1087 |   3380 |   5 | 1223.6 |
         Swamp |   1820 |   1665 |    155 |      4 |   1301 |   4 |  455.0 |
     Snake Pit |   7252 |   6895 |    357 |   2758 |   3270 |   4 | 1813.0 |
  Orcish Mines |   2170 |   1995 |    175 |    803 |    780 |   2 | 1085.0 |
   Elven Halls |   5609 |   5384 |    225 |   2497 |   2194 |   3 | 1869.7 |
        Vaults |   6417 |   6084 |    333 |    648 |   4093 |   5 | 1283.4 |
        Depths |   7434 |   7169 |    265 |   3164 |   2748 |   4 | 1858.5 |
           Zot |   1388 |   1230 |    158 |    292 |    459 |   5 |  277.6 |
        Wizlab |      3 |      3 |      0 |      0 |      0 |   1 |    3.0 |
      Gauntlet |    678 |    678 |      0 |    108 |    307 |   1 |  678.0 |
         Arena |     74 |     74 |      0 |     17 |      0 |   3 |   24.7 |
               +--------+--------+--------+--------+--------+-----+--------+

Top non-repeatable levels by time:
   Elf:3: 3056 daAuts
 Snake:4: 2682 daAuts
Depths:3: 2363 daAuts
    D:14: 2314 daAuts
    D:15: 2059 daAuts
 Snake:2: 2000 daAuts
Vaults:5: 1859 daAuts
Depths:4: 1817 daAuts
     D:4: 1799 daAuts
Depths:1: 1727 daAuts
    D:13: 1708 daAuts
Depths:2: 1526 daAuts
 Snake:1: 1511 daAuts
Vaults:3: 1358 daAuts
   Elf:2: 1331 daAuts
